 Dungeon Crawl Stone Soup version 0.18.1-48-g4cf74bf (webtiles) character file.

30429 nikopol the Spear-Bearer (level 13, 0/119 HPs)
             Began as a Minotaur Berserker on June 26, 2016.
             Was a High Priest of Trog.
             Slain by a porcupine (9 damage)
             ... on level 5 of the Lair of Beasts.
             The game lasted 00:46:04 (16734 turns).

nikopol the Spear-Bearer (Minotaur Berserker)      Turns: 16734, Time: 00:46:05

Health: 0/119      AC: 12    Str: 25    XL:     13   Next: 20%
Magic:  21/21      EV: 17    Int:  4    God:    Trog [*****.]
Gold:   898        SH:  0    Dex: 12    Spells: 0 memorised, 12 levels left

rFire  . . .     SeeInvis .     x - +0 trident
rCold  . . .     Gourm    .     J - +0 ring mail (curse)
rNeg   + + .     Faith    .     (no shield)
rPois  +         Spirit   .     (helmet restricted)
rElec  .         Dismiss  .     E - +1 cloak
rCorr  .         Reflect  .     (no gloves)
SustAt .         Harm     .     F - +1 pair of boots
MR     +....                    (no amulet)
Stlth  ..........               X - ring of Nidaut {rN++ MR+ MP+9 Stlth-}
                                p - ring of poison resistance

@: exhausted, slowed, very slow, somewhat resistant to hostile enchantments,
extremely unstealthy
A: retaliatory headbutt, horns 2
a: Berserk, Trog's Hand, Brothers in Arms, Burn Spellbooks, Renounce Religion


You were on level 5 of the Lair of Beasts.
You worshipped Trog.
Trog was extremely pleased with you.
You were very hungry.

You visited 2 branches of the dungeon, and saw 16 of its levels.
You also visited: Bailey.

You collected 898 gold pieces.

Inventory:

Hand Weapons
 c - a +5 arbalest of freezing
 x - a +0 trident (weapon)
 O - a +1 bardiche of venom
Missiles
 K - 256 bolts
Armour
 g - a +0 ring mail
 E - a +1 cloak (worn)
 F - a +1 pair of boots (worn)
 J - a cursed +0 ring mail (worn)
Jewellery
 p - a ring of poison resistance (left hand)
 r - a +2 ring of strength {unknown}
 B - a +5 ring of dexterity
 U - an uncursed amulet of the gourmand {unknown}
 X - the ring of Nidaut (right hand) {rN++ MR+ MP+9 Stlth-}
   (You found it on level 3 of the Lair of Beasts)

   [ring of loudness]

   It greatly protects you from negative energy.
   It affects your resistance to hostile enchantments.
   It affects your magic capacity (+9).
   It makes you less stealthy.
Wands
 j - a wand of enslavement (3/24)
 s - a wand of slowing (28/48)
 y - a wand of acid (6/15)
 G - a wand of disintegration (7/24)
 N - a wand of lightning (9/15)
 S - a wand of acid (4/15)
 T - a wand of acid (8/15)
Scrolls
 b - a scroll of random uselessness {unknown}
 f - 2 scrolls of magic mapping
 l - 2 scrolls of immolation
 q - 5 scrolls of remove curse
 v - 4 scrolls of enchant armour
 A - 7 scrolls of teleportation
 I - a scroll of fear {unknown}
 M - a scroll of vulnerability {unknown}
 R - 3 scrolls of recharging {unknown}
 V - a scroll of fog {unknown}
 Z - a scroll of amnesia {unknown}
Potions
 a - 2 potions of agility
 d - 4 potions of heal wounds
 e - 2 potions of invisibility
 h - 2 potions of mutation
 n - 2 potions of degeneration
 o - 6 potions of haste
 t - 2 potions of brilliance
 u - 6 potions of curing
 w - 2 potions of cure mutation
 z - 2 potions of might
 C - a potion of magic
 L - 2 potions of flight
 Y - 2 potions of cancellation
Books
 i - a book of Fire

   Spells                             Type                      Level
   a - Ignite Poison                  Fire/Transmutation/Poison    3
   b - Fireball                       Conjuration/Fire             5
   c - Bolt of Fire                   Conjuration/Fire             6
   d - Delayed Fireball               Conjuration/Fire             7
   e - Ring of Flames                 Charms/Fire                  7
   Trog disapproves of the use of such an item.
Comestibles
 k - 9 fruits
 m - 8 meat rations
 D - 10 bread rations
 H - 7 royal jellies
 P - 3 beef jerkies
 Q - a slice of pizza
 W - 5 chunks of flesh


   Skills:
 + Level 12.4 Fighting
 * Level 13.7 Polearms
 * Level 9.5 Crossbows
 + Level 12.3 Armour
 + Level 11.3 Dodging


You had 12 spell levels left.
You didn't know any spells.

Dungeon Overview and Level Annotations

Branches:
Dungeon (11/15)            Temple (0/1) D:7            Lair (5/8) D:8
    Orc (0/2) D:11
  Swamp: Lair:3-6    Shoals: Lair:3-6     Snake: Lair:3-6    Spider: Lair:3-6

Altars:
Ashenzari
Cheibriados
Elyvilon
Kikubaaqudgha
Makhleb
Nemelex Xobeh
Okawaru
Qazlal
Sif Muna
Trog
Vehumet
Xom
Yredelemnul
Zin
The Shining One

Shops:
D:6 ?   D:8 (

Portals:
Trove: D:11 (give 13 potions of heal wounds)


Innate Abilities, Weirdness & Mutations

You reflexively headbutt those who attack you in melee.
You have a pair of horns on your head.


Message History

You hit the death yak. You headbutt the death yak!
You kill the death yak!
Trog accepts your kill.
You can't carry that many items.
You feel a strong urge to attack something.
You feel your anger subside.
You are no longer berserk.
You are exhausted.
You feel yourself slow down.
You are feeling very hungry.
K - 255 bolts (gained 1)
K - 256 bolts (gained 1)
A porcupine comes into view.
The porcupine moves out of view.
Found 4 gold pieces.
Some of the chunks of flesh in your inventory have rotted away.
You open the door.
There is an open door here.
The porcupine twitches its whiskers.
The porcupine bites you!
You die...

......P ....#...
.......### ...#.......
..P#....P###...... ..#.
...P.........##.##.....
.............#....... .
.......)###.#...#.r...
......##.♣......#.♣.♣..
..... #........#.......
.... ♣♣.<@r'......<...
##. #.....#..#(...... #
##.♣.##...#.♣.♣.#
######..(#..(..
.#.....(( .
..#...#..... .......#
.##. ......... .$


You could see a porcupine.

Vanquished Creatures
  Maud (D:11)
  3 hydras
  A centaur warrior (D:11)
  The ghost of nikopol the Fighter, a novice MiBe of Trog (D:9)
  5 death yaks (Lair:5)
  Sonja (D:11)
  Pikel (D:6)
  2 hill giants
  An orc knight (Bailey)
  A griffon (Lair:3)
  A manticore (D:10)
  3 black mambas
  Maurice (D:8)
  A gargoyle (D:11)
  A spiny frog (Lair:4)
  A rime drake (Lair:2)
  2 komodo dragons
  A queen bee (D:8)
  A troll (D:10)
  Prince Ribbit (D:9)
  5 blink frogs (Lair:2)
  A wyvern (D:8)
  27 yaks
  4 water elementals (D:10)
  A steam dragon (D:11)
  2 hippogriffs
  A basilisk (D:11)
  2 insubstantial wisps (D:11)
  6 water moccasins
  10 porcupines
  2 hell hounds (D:8)
  6 sky beasts
  15 orc warriors
  6 ice beasts
  5 ogres
  4 phantoms
  A wasp (D:10)
  A slave (D:6)
  An eye of draining (D:10)
  6 wolves (Lair:4)
  2 centaurs
  6 crocodiles
  A big kobold (D:9)
  8 giant frogs
  A wyvern skeleton (D:10)
  6 scorpions
  17 killer bees
  An electric eel (Lair:1)
  5 crimson imps
  A giant frog zombie (D:11)
  A centaur zombie (D:10)
  2 quasits
  A giant frog skeleton (D:6)
  7 orc priests
  3 hounds
  4 jellies
  6 iguanas
  8 orc wizards
  11 worker ants
  8 sheep (Lair:1)
  2 hound skeletons
  A worker ant zombie (D:8)
  A gnoll (D:1)
  19 adders
  13 river rats
  A shadow imp (D:7)
  3 adder skeletons
  3 worms
  A dart slug (D:1)
  8 giant geckos
  42 orcs
  9 giant cockroaches
  7 goblins
  6 hobgoblins
  3 jackals (D:5)
  3 quokkas
  A ball python skeleton (D:4)
  11 bats
  A giant gecko zombie (D:6)
  5 giant newts
  10 kobolds
  A quokka skeleton (D:4)
  A quokka zombie (D:5)
  7 rats
  4 fungi
398 creatures vanquished.

Vanquished Creatures (others)
  A sky beast (D:11)
  A giant frog (D:11)
  A fungus (D:7)
3 creatures vanquished.

Grand Total: 401 creatures vanquished

Notes
Turn   | Place    | Note
--------------------------------------------------------------
     0 | D:1      | nikopol the Minotaur Berserker began the quest for the Orb.
     0 | D:1      | Reached XP level 1. HP: 19/19 MP: 0/0
    63 | D:1      | Reached XP level 2. HP: 27/27 MP: 1/1
   736 | D:2      | Reached XP level 3. HP: 33/33 MP: 2/2
   775 | D:2      | Reached skill level 4 in Polearms
  1183 | D:2      | Reached XP level 4. HP: 41/41 MP: 3/3
  1276 | D:2      | Reached ** piety under Trog
  1762 | D:2      | Found a glowing silver altar of Zin.
  1762 | D:2      | Found a white marble altar of Elyvilon.
  1762 | D:2      | Found a glowing golden altar of the Shining One.
  1861 | D:3      | You fall through a shaft for 2 floors!
  1861 | D:5      | Entered Level 5 of the Dungeon
  1865 | D:5      | Noticed an ogre
  1873 | D:5      | Killed an ogre
  1873 | D:5      | Reached XP level 5. HP: 47/47 MP: 4/4
  1888 | D:5      | Reached skill level 5 in Fighting
  1922 | D:5      | Reached skill level 5 in Polearms
  1928 | D:5      | Reached XP level 6. HP: 36/56 MP: 5/5
  2101 | D:5      | Noticed an orc warrior
  2118 | D:5      | HP: 4/84 [orc warrior/halberd (5)]
  2124 | D:5      | Killed an orc warrior
  2418 | D:3      | Found a snail-covered altar of Cheibriados.
  2548 | D:3      | Found a sparkling altar of Nemelex Xobeh.
  2886 | D:3      | Reached *** piety under Trog
  2933 | D:3      | Found a bloodstained altar of Trog.
  3543 | D:4      | Reached skill level 5 in Armour
  3543 | D:4      | Reached XP level 7. HP: 62/62 MP: 6/6
  3582 | D:4      | Reached skill level 6 in Polearms
  3583 | D:4      | Reached skill level 5 in Dodging
  4835 | D:6      | Noticed Pikel
  4848 | D:6      | Killed Pikel
  4848 | D:6      | Reached skill level 7 in Polearms
  4848 | D:6      | Reached XP level 8. HP: 73/73 MP: 7/7
  4920 | D:6      | Found a basalt altar of Yredelemnul.
  5037 | D:6      | Found a burning altar of Makhleb.
  5038 | D:6      | Found a shimmering altar of Xom.
  5079 | D:6      | Found Puno's Magic Scroll Shoppe.
  5525 | D:7      | Found a bloodstained altar of Trog.
  5526 | D:7      | Reached **** piety under Trog
  5632 | D:7      | Found a staircase to the Ecumenical Temple.
  5868 | D:7      | Found an iron altar of Okawaru.
  5960 | D:7      | Reached XP level 9. HP: 77/81 MP: 8/8
  5990 | D:7      | Reached skill level 8 in Polearms
  6436 | D:7      | Found a radiant altar of Vehumet.
  6438 | D:7      | Found an ancient bone altar of Kikubaaqudgha.
  6438 | D:7      | Found a deep blue altar of Sif Muna.
  6508 | D:8      | Noticed Maurice
  6918 | D:8      | Found a staircase to the Lair.
  6950 | D:8      | Killed Maurice
  7019 | D:8      | Reached skill level 9 in Polearms
  7423 | D:8      | Noticed a queen bee
  7441 | D:8      | Reached ***** piety under Trog
  7448 | D:8      | Killed a queen bee
  7448 | D:8      | Reached XP level 10. HP: 36/91 MP: 9/9
  7463 | D:7      | HP: 4/91 [poisoned by a killer bee]
  7962 | D:8      | Found Kuss's Weapon Shop.
  8246 | D:9      | Found a flagged portal.
  8255 | Bailey   | Entered a bailey
  8847 | Bailey   | Reached skill level 10 in Fighting
  9022 | Bailey   | Found a roughly hewn altar of Beogh.
  9022 | Bailey   | Noticed an orc knight
  9034 | Bailey   | Killed an orc knight
  9034 | Bailey   | Reached skill level 10 in Polearms
  9042 | Bailey   | Reached skill level 10 in Armour
  9049 | Bailey   | Received a gift from Trog
  9055 | Bailey   | HP: 4/93 [orc warrior/glaive (13)]
 10169 | D:9      | Noticed Prince Ribbit
 10206 | D:9      | Found a shattered altar of Ashenzari.
 10212 | D:9      | Noticed nikopol's ghost (novice MiBe)
 10329 | D:9      | Reached skill level 1 in Crossbows
 10364 | D:9      | Killed nikopol's ghost
 10529 | D:9      | Found a stormy altar of Qazlal.
 10675 | D:9      | Reached XP level 11. HP: 99/101 MP: 10/10
 10737 | D:9      | Killed Prince Ribbit
 10822 | D:10     | Entered Level 10 of the Dungeon
 11048 | D:10     | Reached skill level 11 in Polearms
 11245 | D:10     | Noticed a hill giant
 11254 | D:10     | Killed a hill giant
 11994 | D:11     | Noticed Sonja
 11998 | D:11     | Killed Sonja
 12067 | D:11     | Reached skill level 5 in Crossbows
 12235 | D:11     | Found a portal to a secret trove of treasure.
 12240 | D:11     | Noticed Maud
 12259 | D:11     | Killed Maud
 12259 | D:11     | Reached skill level 10 in Dodging
 12328 | D:11     | Noticed a hill giant
 12341 | D:11     | Killed a hill giant
 12381 | D:11     | Reached skill level 12 in Polearms
 12678 | D:11     | Found a staircase to the Orcish Mines.
 12770 | D:11     | Noticed a centaur warrior
 12794 | D:11     | Killed a centaur warrior
 12794 | D:11     | Reached XP level 12. HP: 93/110 MP: 11/11
 13009 | Lair:1   | Entered Level 1 of the Lair of Beasts
 13039 | Lair:1   | Received a gift from Trog
 13607 | Lair:1   | Found a glowing silver altar of Zin.
 13944 | Lair:1   | Noticed a six-headed hydra
 13957 | Lair:1   | Killed a six-headed hydra
 14345 | Lair:2   | Noticed a four-headed hydra
 14351 | Lair:2   | Killed a four-headed hydra
 14378 | Lair:2   | Reached skill level 13 in Polearms
 14541 | Lair:2   | Noticed a four-headed hydra
 14544 | Lair:2   | Killed a four-headed hydra
 15195 | Lair:3   | Got a scorched golden ring
 15209 | Lair:3   | Received a gift from Trog
 15417 | Lair:3   | Received a gift from Trog
 15499 | Lair:3   | Identified the ring of Nidaut {rN++ MR+ MP+9 Stlth-} (You found it on level 3 of the Lair of Beasts)
 16446 | Lair:4   | Reached XP level 13. HP: 118/118 MP: 12/12
 16710 | Lair:5   | Received a gift from Trog
 16713 | Lair:5   | HP: 4/178 [death yak (22)]
 16734 | Lair:5   | Slain by a porcupine

Skill      XL: |  1  2  3  4  5  6  7  8  9 10 11 12 |
---------------+-------------------------------------+-----
Fighting       | 4 5 7 9 10 11 12 | 12.4
Polearms       | 4 5 7 9 10 12 13 | 13.7
Armour         | 3 4 5 6 7 9 10 11 12 | 12.3
Dodging        | 3 4 6 8 9 10 11 | 11.3
Crossbows      | 2 6 9 |  9.5

Action                   |  1- 3 |  4- 6 |  7- 9 | 10-12 | 13-15 || total
-------------------------+-------+-------+-------+-------+-------++-------
Melee: Spear             |    70 |   161 |       |       |       ||   231
       Headbutt          |    10 |    17 |    67 |   141 |    29 ||   264
       Trident           |       |    13 |   345 |   633 |    78 ||  1069
 Fire: Arbalest          |       |       |       |   239 |    12 ||   251
Invok: Berserk           |       |     2 |     3 |     4 |     1 ||    10
       Burn Spellbooks   |       |       |     2 |     4 |       ||     6
       Trog's Hand       |       |       |       |     1 |       ||     1
  Use: Scroll            |       |     3 |       |    17 |       ||    20
       Potion            |       |       |       |     1 |       ||     1
  Eat: Chunk             |     1 |     9 |    15 |    31 |     1 ||    57
       Beef jerky        |       |       |       |     2 |       ||     2
Armor: Ring mail         |    14 |    39 |    72 |   108 |    14 ||   247
Dodge: Dodged            |    20 |    72 |   170 |   410 |    25 ||   697
